cohdb
Replays
Latest Replays
All Replays
Popular Replays
Top Player Replays
Match Explorer
How It Works
Community
CoH3 Stats
Reddit
Sign in to upload your games and track your stats! →
Sign in with Steam
Match 43986661
Unlisted
Match 43986661
Overview
Messages
Build Orders
End
Construct Section Command Post
Vickers Machine Gun Team
Infantry Section
Infantry Section
Infantry Section
Construct Platoon Command Post
6-pounder Anti-tank Gun Team
Unlock Bishop Self-propelled Artillery
Selects Indian Artillery Battlegroup
Selects Artillery Saturation
Bishop Self-propelled Artillery
Selects War Cry
Selects Gurkha Rifles Section
Gurkha Rifles Section
War Cry
Bishop Self-propelled Artillery
6-pounder Anti-tank Gun Team
Royal Engineer Section
Bishop Self-propelled Artillery
Grenade Package
Selects Volunteer Infantry
CMP 15cwt Truck
Vettlen
Yule
jordstg
旧时光
낭만개미
MrGlaucus
spinn72
Turtleboy
0
0
Comments
sign in to comment!
No comments posted yet!